 Dungeon Crawl Stone Soup version 0.18-a0-1654-ge73a678 (webtiles) character file.

61 Magnus the Skirmisher (level 3, 0/29 HPs)
             Began as a Mummy Skald on Mar 30, 2016.
             Slain by a hobgoblin
             ... wielding a +0 club
              (2 damage)
             ... on level 1 of the Dungeon.
             The game lasted 00:07:21 (1779 turns).

Magnus the Skirmisher (Mummy Skald)                 Turns: 1779, Time: 00:07:22

Health: 0/29       AC:  3    Str: 15    XL:     3   Next: 83%
Magic:  15/15      EV: 11    Int: 12    God:
Gold:   57         SH:  0    Dex: 11    Spells: 2 memorised, 2 levels left

rFire  x . .     SeeInvis .     a - +0 falchion
rCold  + . .     Gourm    .     b - +0 leather armour
rNeg   + + +     Faith    .     (no shield)
rPois  ∞         Spirit   .     (no helmet)
rElec  .         Dismiss  .     (no cloak)
rCorr  .         Reflect  .     (no gloves)
SustAt .         Harm     .     (no boots)
MR     .....                    (no amulet)
Stlth  +.........               (no ring)
                                h - ring of magical power

@: not resistant to hostile enchantments, very unstealthy
A: no food or potions, fire vulnerability, cold resistance 1, negative energy
resistance 3, torment resistance, unbreathing
a: no special abilities


You were on level 1 of the Dungeon.
You were not hungry.

You visited 1 branch of the dungeon, and saw 2 of its levels.

You collected 57 gold pieces.

Inventory:

Hand Weapons
 a - a +0 falchion (weapon)
Armour
 b - a +0 leather armour (worn)
Jewellery
 h - a ring of magical power (left hand)
Scrolls
 d - a scroll of teleportation {unknown}
 e - a scroll of remove curse {unknown}
 f - 2 scrolls of immolation {unknown}
 g - a scroll of identify {unknown}
Books
 c - a book of Battle

   Spells                             Type                      Level
   a - Infusion                       Charms                       1
   b - Shroud of Golubria             Charms/Translocation         2
   c - Song of Slaying                Charms                       2
   d - Spectral Weapon                Hexes/Charms                 3
   e - Regeneration                   Charms/Necromancy            3


   Skills:
 + Level 3.0 Fighting
 + Level 2.4 Long Blades
 - Level 0.7 Armour
 - Level 0.7 Dodging
 - Level 2.0 Spellcasting
 + Level 2.9 Charms


You had 2 spell levels left.
You knew the following spells:

 Your Spells              Type           Power        Failure   Level  Hunger
a - Infusion              Chrm           #...         12%         1    N/A
b - Spectral Weapon       Hex/Chrm       #.......     69%         3    N/A

Dungeon Overview and Level Annotations

Branches:
Dungeon (2/15)

Altars:

Annotations:
D:2 Robin


Innate Abilities, Weirdness & Mutations

You do not eat or drink.
Your flesh is vulnerable to fire.
You are immune to poison.
Your flesh is cold resistant.
You are immune to negative energy.
You are immune to unholy pain and torment.
You can survive without breathing.


Message History

You climb upwards.
There is a stone staircase leading down here.
You are too injured to fight recklessly!
You are too injured to fight recklessly!
You are too injured to fight recklessly!
You are too injured to fight recklessly!
You hit the goblin.
You kill the goblin!
You start resting.
Magic restored.
A hobgoblin comes into view. It is wielding a club.
The hobgoblin shouts!
The hobgoblin hits you but does no damage.
You closely miss the hobgoblin. The hobgoblin misses you.
You barely miss the hobgoblin. The hobgoblin hits you with a club.
* * * LOW HITPOINT WARNING * * *
You closely miss the hobgoblin. The hobgoblin hits you with a club.
* * * LOW HITPOINT WARNING * * *
You barely miss the hobgoblin. The hobgoblin hits you with a club.
You die...

#..........# #.# #.
###.#####..# #.# #> #.#####..#
#.# #. #.##.....# ######.###
#. #.##.###.# #........# #.
#....# #.# ##.######.# #.
##....# #.# #>..# #.# #.
##.....###[###g..#####.#######
#..#.........@.....##.........
#..................##..#######
#%#.#.).####....%..##..#
###.#.#...#
#.#...#.##..#######
#.........#
#.#...#............
#.#.#.#...#
#.##........#######
#.#.#>....#
#.########.########
#.#.###...# #.# ##.#........
#.#.#.....#
#.######.###.#####.


You could see a hobgoblin.

Vanquished Creatures
  An adder (D:1)
  A gnoll (D:1)
  2 worms
  A dart slug (D:1)
  5 bats (D:1)
  A giant cockroach (D:2)
  11 goblins
  2 hobgoblins (D:1)
  2 jackals (D:2)
  2 kobolds
  6 rats
34 creatures vanquished.

Notes
Turn   | Place    | Note
--------------------------------------------------------------
     0 | D:1      | Magnus the Mummy Skald began the quest for the Orb.
     0 | D:1      | Reached XP level 1. HP: 16/16 MP: 3/3
   180 | D:1      | Reached XP level 2. HP: 7/23 MP: 0/5
  1132 | D:1      | Reached XP level 3. HP: 11/28 MP: 3/6
  1399 | D:1      | Learned a level 3 spell: Spectral Weapon
  1702 | D:2      | Noticed Robin
  1715 | D:2      | Reached skill level 3 in Fighting
  1779 | D:1      | Slain by a hobgoblin

Vault maps used:
D:1:      mainiacjoe_arrival_reflecting_pool, patterned_corridor
D:2:      uniq_robin

Skill      XL: |  1  2  3 |
---------------+----------+-----
Long Blades    | 2 |  2.4
Fighting       | 3 |  3.0
Armour         | |  0.7
Dodging        | |  0.7
Spellcasting   | |  2.0
Charms         | |  2.9

Action                   || total
-------------------------++-------
Melee: Falchion          ||    94
 Cast: Infusion          ||     9
       Spectral Weapon   ||     2
 Stab: Sleeping          ||     1
